 Dungeon Crawl Stone Soup version 0.28.0-62-gf88900778d (webtiles) character file.

Game seed: 499804621803794971

32218 cbfl8 the Severer (level 13, -15/113 HPs)
             Began as a Minotaur Berserker on May 3, 2023.
             Was a Priest of Trog.
             Demolished by a tengu warrior
             ... wielding a +1 long sword of electrocution
              (22 damage)
             ... on level 13 of the Dungeon.
             The game lasted 00:18:23 (20747 turns).

cbfl8 the Severer (Minotaur Berserker)             Turns: 20747, Time: 00:18:24

Health: -15/113    AC: 16    Str: 31    XL:     13   Next: 30%
Magic:  12/12      EV:  9    Int:  4    God:    Trog [***...]
Gold:   537        SH: 15    Dex: 10    Spells: 12/12 levels left

rFire   . . .      SeeInvis .   x - +6 broad axe of the Philosopher {vorpal, rN+}
rCold   . . .      Faith    .   i - +0 kite shield
rNeg    + . .      Spirit   .   y - +0 plate armour
rPois   +          Reflect  +   (helmet restricted)
rElec   .          Harm     +   (no cloak)
rCorr   +          Rampage  .   (no gloves)
Will    +....                   r - +0 pair of boots of the Maze {Harm rPois Str+8 Dex-4}
Stlth   ..........              J - amulet of reflection
HPRegen 0.28/turn               t - ring of resist corrosion
MPRegen 0.13/turn               F - ring of willpower

@: on berserk cooldown, slowed, studying Slings, very slow
A: horns 2, retaliatory headbutt
a: Renounce Religion, Berserk, Trog's Hand


You were on level 13 of the Dungeon.
You worshipped Trog.
Trog was most pleased with you.
You visited 1 branch of the dungeon, and saw 13 of its levels.
You also visited: Ossuary and Gauntlet.

You collected 735 gold pieces.
You spent 198 gold pieces at shops.

Inventory:

Hand Weapons
 x - the +6 broad axe of the Philosopher (weapon) {vorpal, rN+}
   (You bought it in a shop on level 6 of the Dungeon)

   It inflicts extra damage upon your enemies.
   rN:        It protects you from negative energy.
Armour
 i - a +0 kite shield (worn)
 r - the +0 pair of boots of the Maze (worn) {Harm rPois Str+8 Dex-4}
   (You found it in a Gauntlet)

   Str:       It affects your strength (+8).
   Dex:       It affects your dexterity (-4).
   rPois:     It protects you from poison.
   Harm:      It increases damage dealt and taken.
 y - a +0 plate armour (worn)
Jewellery
 t - a ring of resist corrosion (left hand)
 F - a ring of willpower (right hand)
 J - an amulet of reflection (around neck)
Wands
 w - a wand of iceblast (14) (quivered)
 D - a wand of flame (11)
Scrolls
 b - 8 scrolls of teleportation
 c - a scroll of blinking
 d - a scroll of holy word
 e - 3 scrolls of noise
 h - a scroll of fog
 n - 3 scrolls of brand weapon
 q - 2 scrolls of enchant armour {unknown}
 s - 2 scrolls of enchant weapon
 u - 2 scrolls of amnesia {unknown}
 v - 2 scrolls of immolation {unknown}
 B - a scroll of fear {unknown}
Potions
 a - 2 potions of degeneration {unknown}
 f - a potion of heal wounds {unknown}
 g - 2 potions of magic {unknown}
 j - 3 potions of attraction {unknown}
 k - 3 potions of flight
 m - 3 potions of mutation {unknown}
 o - 4 potions of lignification
 p - 2 potions of curing
 z - a potion of brilliance {unknown}
 A - a potion of might {unknown}
Miscellaneous
 E - a phantom mirror
 I - a lightning rod (4/4)


   Skills:
 + Level 10.2 Fighting
 + Level 15.0 Axes
 + Level 11.1 Armour
 * Level 8.2 Dodging
 * Level 6.0 Stealth
 * Level 8.9 Shields
 * Level 8.5 Evocations


You had 12 spell levels left.
You didn't know any spells.
Your spell library was empty.

Dungeon Overview and Level Annotations

Branches:
Dungeon (13/15)            Temple (0/1) D:4            Lair (0/6) D:9
    Orc (0/2) D:12        Ossuary (visited)         Gauntlet (visited)
 Vaults: D:13-14

Altars:
Ashenzari
Elyvilon
Hepliaklqana
Qazlal
Ru
Uskayaw

Shops:
D:6 (

Annotations:
D:4 5 runed translucent doors, NeilCOOKIE's ghost, amateur MiBe
D:11 2 transporters, safid's ghost, journeyman GrEE


Innate Abilities, Weirdness & Mutations

You have a pair of horns on your head.
You reflexively headbutt those who attack you in melee.


Message History

The tengu warrior claws you but does no damage.
The tengu warrior blocks your attack.
The tengu warrior is lightly wounded.
You block the tengu warrior's attack.
The tengu warrior pecks you but does no damage.
The tengu warrior barely misses you. The tengu warrior blocks your attack.
The tengu warrior is lightly wounded.
You miss the tengu warrior. Your headbutt misses the tengu warrior.
The tengu warrior is lightly wounded.
The tengu warrior hits you with a +1 long sword of electrocution!
* * * LOW HITPOINT WARNING * * *
You block the tengu warrior's attack. x2
The tengu warrior blocks your attack.
The tengu warrior is lightly wounded.
You slash the vampire mosquito!
You block the vampire mosquito's attack. x2
You block the tengu warrior's attack.
The tengu warrior completely misses you.
The tengu warrior closely misses you.
You block the vampire mosquito's attack.
You feel a strong urge to attack something.
You block the vampire mosquito's attack.
You feel your anger nearly subside.
You are no longer berserk.
You are exhausted.
You feel yourself slow down.
Blink to where?
Press: ? - help, Dir - move target
As you read the scroll of blinking, it crumbles to dust.
The vampire mosquito bites you but does no damage.
The vampire mosquito bites you but does no damage.
You block the vampire mosquito's attack.
You block the vampire mosquito's attack. x2
You block the vampire mosquito's attack. x2
There is a stone staircase leading up here.
You block the vampire mosquito's attack. x2
The tengu warrior hits you with a +1 long sword of electrocution.
* * * LOW HITPOINT WARNING * * *
You are electrocuted!!
You die...

#...##### #...##.#)..#..### ##.#.
##########...##.#...##.# #
#..?.................#....#.###
###### #.........###.#....#....
#.........# #.##$..#..##
##########.........###..#...##.##
#.(.....................##...#...
#..................##....## ##.#
#.........######@y.##.....### #..
#∩........# ##Q..........# ###
#.........# #..#.......... #
######....# #......###.##.#[#
.....'....# #...##.# #.##..?#
######....# #...##.###....###
#....# #.....§....)###:#
######.#### #.......#####..##
..........# #.....###...)..#.


You could see a tengu warrior and a vampire mosquito.

Vanquished Creatures
  A minotaur (Gauntlet)
  A rakshasa (D:13)
  A hydra (D:13)
  A catoblepas (Gauntlet)
  Erolcha (D:9)
  4 two-headed ogres
  6 centaur warriors
  A death drake (Gauntlet)
  A glowing orange brain (D:12)
  2 orc knights (D:13)
  A wizard (D:13)
  Pikel (D:4)
  A spectral wolf spider (Gauntlet)
  A wolf spider (D:13)
  A wolf spider zombie (Gauntlet)
  4 deep elf pyromancers
  A cyclops (D:12)
  A spectral centaur (Gauntlet)
  4 manticores
  3 gargoyles (D:12)
  3 demonic crawlers (D:12)
  An unseen horror (D:11)
  Psyche (D:9)
  A yaktaur (D:13)
  A kobold demonologist (D:12)
  An efreet (D:13)
  An ice devil (Gauntlet)
  4 tengu conjurers (D:13)
  3 trolls
  2 hornets
  Prince Ribbit (D:6)
  2 slime creatures (D:13)
  A shadow (D:10)
  3 wyverns
  5 wraiths
  9 yaks
  A basilisk (D:11)
  A steam dragon (D:10)
  10 vampire mosquitoes
  3 small abominations (D:12)
  An acid dragon (D:11)
  A water moccasin (D:6)
  A floating eye (D:12)
  2 sky beasts
  An ice beast (D:6)
  4 orc warriors
  A necrophage (D:6)
  An ogre (D:5)
  A boggart (D:13)
  4 centaurs
  3 lemures (D:4)
  2 phantoms (D:5)
  A kobold brigand (D:9)
  3 bullfrogs
  A gnoll sergeant (D:8)
  2 scorpions (D:6)
  A wyvern zombie (D:9)
  3 killer bees (D:10)
  17 wights
  A water moccasin skeleton (D:5)
  A howler monkey (D:11)
  7 centaur zombies
  A bullfrog zombie (D:6)
  A human zombie (Ossuary)
  A hound (D:7)
  A bullfrog skeleton (D:4)
  4 jellies
  6 orc priests
  2 gnoll shamans
  An iguana (D:7)
  9 orc wizards
  2 mummies (Ossuary)
  A howler monkey zombie (D:9)
  2 howler monkey skeletons
  6 adders
  15 gnolls
  6 white imps
  2 ufetubi
  A worm (D:3)
  3 dart slugs
  30 orcs
  8 ball pythons
  10 endoplasms
  5 giant cockroaches
  9 goblins
  5 hobgoblins
  2 jackals (D:2)
  A quokka (D:1)
  7 bats
  4 frilled lizards
  A goblin zombie (Ossuary)
  9 hobgoblin zombies (Ossuary)
  A jackal zombie (Ossuary)
  10 kobolds
  16 kobold zombies (Ossuary)
  5 orc zombies (Ossuary)
  7 rats
  A rat zombie (Ossuary)
345 creatures vanquished.

Vanquished Creatures (others)
  An unseen horror (D:12)
  21 withered plants (Gauntlet)
22 creatures vanquished.

Grand Total: 367 creatures vanquished

Notes
Turn   | Place    | Note
-------+----------+-------------------------------------------
     0 | D:1      | cbfl8 the Minotaur Berserker began the quest for the Orb.
     0 | D:1      | Reached XP level 1. HP: 19/19 MP: 0/0
   232 | D:1      | Reached skill level 4 in Axes
   232 | D:1      | Reached XP level 2. HP: 27/27 MP: 1/1
   546 | D:1      | Reached XP level 3. HP: 32/33 MP: 2/2
   564 | D:1      | Reached ** piety under Trog
  1433 | D:2      | Reached skill level 5 in Axes
  1783 | D:2      | Reached XP level 4. HP: 41/41 MP: 3/3
  1844 | D:2      | Found a faded altar of an unknown god.
  2371 | D:3      | Reached skill level 1 in Evocations
  2925 | D:4      | Found a staircase to the Ecumenical Temple.
  2949 | D:4      | Reached XP level 5. HP: 47/47 MP: 4/4
  2950 | D:4      | Found a sand-covered staircase.
  2950 | D:4      | Noticed an orc warrior
  2956 | D:4      | Killed an orc warrior
  2962 | Ossuary  | Entered an ossuary
  2992 | Ossuary  | Reached *** piety under Trog
  3166 | Ossuary  | Reached skill level 6 in Axes
  3166 | Ossuary  | Reached XP level 6. HP: 45/53 MP: 5/5
  3398 | Ossuary  | Reached skill level 1 in Shields
  3572 | D:4      | Noticed Pikel
  3583 | D:4      | Killed Pikel
  3584 | D:4      | Reached skill level 5 in Fighting
  3584 | D:4      | Reached skill level 7 in Axes
  3584 | D:4      | Reached XP level 7. HP: 36/61 MP: 6/6
  3774 | D:4      | Reached skill level 8 in Axes
  3794 | D:4      | Reached **** piety under Trog
  3927 | D:4      | Found a runed translucent gate.
  3928 | D:4      | Found a runed translucent gate.
  3929 | D:4      | Found a runed translucent gate.
  3932 | D:4      | Noticed NeilCOOKIE's ghost (amateur MiBe)
  4357 | D:4      | Found a broken altar of Ashenzari.
  4392 | D:4      | Found a large runed translucent door.
  4393 | D:4      | Found a large runed translucent door.
  4608 | D:5      | Entered Level 5 of the Dungeon
  4618 | D:5      | Reached XP level 8. HP: 69/70 MP: 7/7
  4771 | D:5      | Found a white marble altar of Elyvilon.
  5264 | D:5      | Found a sacrificial altar of Ru.
  5688 | D:6      | Reached skill level 9 in Axes
  5688 | D:6      | Reached skill level 5 in Armour
  5808 | D:6      | Found a hide-covered altar of Uskayaw.
  6126 | D:6      | Found Nixiane's Antique Weapon Boutique.
  6126 | D:6      | Noticed Prince Ribbit
  6139 | D:6      | Killed Prince Ribbit
  6160 | D:6      | Reached XP level 9. HP: 14/78 MP: 8/8
  6190 | D:6      | Reached skill level 10 in Axes
  7420 | D:7      | Reached skill level 5 in Evocations
  7544 | D:7      | Found a stormy altar of Qazlal.
  8014 | D:7      | Reached skill level 11 in Axes
  8271 | D:7      | Found a hazy altar of Hepliaklqana.
  8360 | D:6      | Bought a polished broad axe for 198 gold pieces
  8360 | D:6      | Identified the +6 broad axe of the Philosopher {vorpal,
                  | rN+} (You bought it in a shop on level 6 of the Dungeon)
  8582 | D:8      | Reached skill level 1 in Stealth
  9258 | D:8      | Noticed a two-headed ogre
  9264 | D:8      | Killed a two-headed ogre
  9265 | D:8      | Reached XP level 10. HP: 42/88 MP: 9/9
 10094 | D:9      | Noticed a two-headed ogre
 10101 | D:9      | Killed a two-headed ogre
 10104 | D:9      | Reached skill level 12 in Axes
 10613 | D:9      | Noticed Psyche
 10622 | D:9      | Killed Psyche
 10710 | D:9      | Noticed Erolcha
 10716 | D:9      | Killed Erolcha
 11049 | D:9      | Found a staircase to the Lair.
 11221 | D:9      | Paralysed by a hornet for 2 turns
 11651 | D:9      | Identified the +4 rapier "Tirphan" {vorpal, Int+2}
 11729 | D:10     | Entered Level 10 of the Dungeon
 11790 | D:10     | Reached ***** piety under Trog
 12447 | D:10     | Reached XP level 11. HP: 74/95 MP: 10/10
 12782 | D:10     | Reached skill level 5 in Dodging
 12875 | D:11     | Noticed a two-headed ogre
 12884 | D:11     | Killed a two-headed ogre
 13325 | D:11     | Noticed a two-headed ogre
 13330 | D:11     | Killed a two-headed ogre
 13331 | D:11     | Reached skill level 13 in Axes
 14230 | D:11     | Found a transporter.
 14230 | D:11     | Identified the +6 dire flail "Spiderbane" {elec, Str+4}
 14230 | D:11     | Identified the +5 great mace of the Walnut {drain, Str+4
                  | Int+3 Dex+3 SInv}
 14230 | D:11     | Noticed a two-headed ogre
 14231 | D:11     | Noticed safid's ghost (journeyman GrEE)
 14231 | D:11     | Noticed a two-headed ogre
 14232 | D:11     | Noticed a two-headed ogre
 14232 | D:11     | Noticed a two-headed ogre
 14233 | D:11     | Found a transporter.
 14371 | D:12     | Found a staircase to the Orcish Mines.
 14386 | D:12     | Reached skill level 5 in Shields
 15204 | D:12     | Noticed a deep elf pyromancer
 15218 | D:12     | Killed a deep elf pyromancer
 15739 | D:12     | Noticed a deep elf pyromancer
 15747 | D:12     | Killed a deep elf pyromancer
 15780 | D:12     | Paralysed by a floating eye for 4 turns
 16339 | D:12     | Reached skill level 10 in Armour
 16533 | D:12     | Reached XP level 12. HP: 91/104 MP: 11/11
 16632 | D:12     | Noticed a centaur warrior
 16635 | D:12     | Killed a centaur warrior
 17485 | D:13     | Noticed a centaur warrior
 17490 | D:13     | Reached skill level 14 in Axes
 17498 | D:13     | Killed a centaur warrior
 17507 | D:13     | Identified the +0 scale mail of the Pleiades {-Tele Contam
                  | Rampage rPois rF+++}
 17595 | D:13     | Noticed a centaur warrior
 17606 | D:13     | Killed a centaur warrior
 17607 | D:13     | Reached skill level 5 in Stealth
 17708 | D:13     | Noticed a centaur warrior
 17720 | D:13     | Killed a centaur warrior
 17752 | D:13     | Received a gift from Trog
 17794 | D:13     | Found a gate leading to a gauntlet.
 17805 | Gauntlet | Entered a Gauntlet
 17805 | Gauntlet | Found a transporter.
 17934 | Gauntlet | Found a transporter.
 17949 | Gauntlet | Found a transporter.
 17954 | Gauntlet | Found a transporter.
 17958 | Gauntlet | Noticed a death scarab
 17969 | Gauntlet | Found a transporter.
 17969 | Gauntlet | Noticed a death scarab
 17988 | Gauntlet | Found a transporter.
 17988 | Gauntlet | Noticed a hell hog
 18000 | Gauntlet | Found a transporter.
 18001 | Gauntlet | Noticed a catoblepas
 18012 | Gauntlet | Found a transporter.
 18024 | Gauntlet | Found a transporter.
 18032 | Gauntlet | Noticed a death yak
 18032 | Gauntlet | Noticed a death yak
 18032 | Gauntlet | Noticed a death yak
 18032 | Gauntlet | Noticed a death yak
 18033 | Gauntlet | Found a transporter.
 18033 | Gauntlet | Noticed a death yak
 18056 | Gauntlet | Found a transporter.
 18071 | Gauntlet | Found a transporter.
 18073 | Gauntlet | Found a transporter.
 18073 | Gauntlet | Noticed a catoblepas
 18118 | Gauntlet | Found a transporter.
 18118 | Gauntlet | Found a transporter.
 18214 | Gauntlet | Found a transporter.
 18214 | Gauntlet | Found a transporter.
 18236 | Gauntlet | Found a transporter.
 18811 | Gauntlet | Killed a catoblepas
 18967 | Gauntlet | HP: 3/106 [poison (dark miasma)]
 18968 | Gauntlet | HP: 1/106 [centaur warrior zombie (9)]
 19347 | Gauntlet | Identified the +0 pair of boots of the Maze {Harm rPois
                  | Str+8 Dex-4}
 19373 | Gauntlet | Identified the +6 short sword of Xor Ubra {drain, rElec rN+
                  | Dex+4 Stlth+}
 19373 | Gauntlet | Noticed a minotaur
 19379 | Gauntlet | Killed a minotaur
 19380 | Gauntlet | Reached skill level 10 in Fighting
 19482 | D:13     | Noticed a centaur warrior
 19491 | D:13     | Killed a centaur warrior
 19780 | D:13     | Noticed a rakshasa
 19785 | D:13     | Reached XP level 13. HP: 96/113 MP: 12/12
 20731 | D:13     | Reached skill level 15 in Axes
 20736 | D:13     | HP: 8/169 [tengu warrior/+1 long sword of electrocution
                  | (8)]
 20747 | D:13     | Demolished by a tengu warrior

Illustrated notes

Levels and vault maps discovered:
D:1:      dpeg_arrival_rooms_c, layout_loops_ring, minmay_split_cup_large
D:2:      layout_basic, hellmonk_ecumenical_altar_arch_garden
D:3:      wad_pebble_path, layout_basic
D:4:      layout_layer_cave, mainiacjoe_overflow_alcove_4,
          jmf_multi_god_temple2, minmay_temple_entry_ruins,
          gammafunk_ghost_necromancy, enter_ossuary_5, uniq_pikel
D:5:      layout_basic, mainiacjoe_overflow_brackets, elyvilon_altar_1,
          grunt_ministairs_9
D:6:      layout_loops_ring, lemuel_doored_altar, serial_shops,
          nicolae_shop_crystal, hangedman_abyss_or_decor_lesser_grid,
          grunt_decor_resistance, uniq_prince_ribbit1
D:7:      layout_basic, mainiacjoe_overflow_small_starburst,
          kennysheep_little_box
D:8:      layout_basic, nrook_uturn
D:9:      layout_gridville, lair_entry_dummy, uniq_psyche, uniq_erolcha
D:10:     layout_long_grid
D:11:     layout_roguey, gammafunk_ghost_smash
D:12:     cheibrodos_hippocracy, layout_cave_pools, david_orc_2, serial_rivers,
          chequers_serial_rivers_room_b, chequers_serial_rivers_small_3,
          chequers_serial_rivers_small_3, chequers_serial_rivers_small_a
D:13:     minmay_swirls_squares, layout_basic, david_vaults_1,
          gauntlet_entry_generic

Skill      XL: |  1  2  3  4  5  6  7  8  9 10 11 12 13 |
---------------+----------------------------------------+-----
Fighting       | 4 5 6 7 8 9 10 | 10.2
Axes           | 4 5 6 7 8 9 11 12 13 14 15 | 15.0
Evocations     | 1 2 3 4 5 6 7 8 |  8.5
Armour         | 3 4 5 8 10 11 | 11.1
Shields        | 1 2 3 5 8 |  8.9
Dodging        | 3 4 6 7 8 |  8.2
Stealth        | 1 2 4 5 6 |  6.0

Action                   |  1- 3 |  4- 6 |  7- 9 | 10-12 | 13-15 || total
-------------------------+-------+-------+-------+-------+-------++-------
Melee: Hand axe          |    80 |       |       |       |       ||    80
       Headbutt          |    14 |    27 |    42 |    63 |     3 ||   149
       War axe           |    18 |   151 |   200 |       |       ||   369
       Broad axe         |       |       |    38 |   315 |    39 ||   392
Invok: Berserk           |       |     2 |     2 |    11 |     3 ||    18
       Trog's Hand       |       |       |     3 |     2 |       ||     5
Evoke: Wand              |       |       |     4 |     9 |     3 ||    16
  Use: Scroll            |       |       |     5 |     7 |     1 ||    13
       Potion            |       |       |     1 |     5 |       ||     6
 Stab: Sleeping          |       |       |     1 |       |       ||     1
       Paralysed         |       |       |       |     4 |       ||     4
Armor: Animal skin       |     4 |       |       |       |       ||     4
       Scale mail        |    33 |    53 |       |       |       ||    86
       Chain mail        |       |     5 |   104 |    32 |       ||   141
       Skin              |       |       |     3 |       |       ||     3
       Plate armour      |       |       |       |   218 |    30 ||   248
Dodge: Dodged            |    58 |    75 |    76 |   122 |    14 ||   345
Block: Buckler           |     6 |    18 |    35 |       |       ||    59
       Kite shield       |       |       |     2 |   227 |    51 ||   280
       Reflection        |       |       |       |       |     3 ||     3
